 Dungeon Crawl Stone Soup version 0.29-a0-317-gd16b76e6b1 (webtiles) character file.

Game seed: 7334568093685639289

662 Morbidden the Ruffian (level 7, -1/63 HPs)
             Began as a Troll Air Elementalist on Apr 1, 2022.
             Splashed by a jelly's acid (4 damage)
             ... on level 5 of the Dungeon.
             The game lasted 00:02:48 (3017 turns).

Morbidden the Ruffian (Troll Air Elementalist)      Turns: 3017, Time: 00:02:49

Health: -1/63      AC: -4    Str: 17    XL:     7   Next: 30%
Magic:  8/8        EV: 10    Int: 13    God:
Gold:   344        SH:  0    Dex: 10    Spells: 8/9 levels left

rFire   . . .      SeeInvis +     - Unarmed
rCold   . . .      Faith    .   (no shield)
rNeg    . . .      Spirit   .   a - +0 robe
rPois   .          Reflect  .   (helmet restricted)
rElec   .          Harm     .   (no cloak)
rCorr   .          Rampage  .   (gloves unavailable)
Will    .....                   (boots unavailable)
Stlth   +.........              (no amulet)
HPRegen 1.00/turn               f - ring of see invisible
MPRegen 0.11/turn               (no ring)

@: corroded, flying
A: large, unfitting armour, claws 3, regeneration 1, shaggy fur 1, tough skin 1
a: no special abilities


You were on level 5 of the Dungeon.
You visited 1 branch of the dungeon, and saw 5 of its levels.

You collected 344 gold pieces.

Inventory:

Hand Weapons
 b - the +5 hunting sling of Ziacaiwk {flame, +Blink rElec Int+3}
   (You found it on level 2 of the Dungeon)

   Any ammunition fired from it burns those it strikes, dealing additional fire
   damage.
   Int:       It affects your intelligence (+3).
   rElec:     It insulates you from electricity.
   +Blink:    It lets you blink.
Armour
 a - a +0 robe (worn)
Jewellery
 f - a ring of see invisible (left claw)
Scrolls
 d - a scroll of brand weapon {unknown}
 i - a scroll of identify {unknown}
 k - a scroll of acquirement {unknown}
 l - a scroll of fear {unknown}
 m - a scroll of enchant weapon {unknown}
 n - a scroll of silence {unknown}
 o - a scroll of enchant armour {unknown}
 r - a scroll of teleportation {unknown}
Potions
 c - a potion of mutation {unknown}
 e - 2 potions of lignification {unknown}
 g - 2 potions of flight
 h - a potion of curing {unknown}
 j - a potion of magic
 p - a potion of heal wounds {unknown}
 q - 2 potions of resistance {unknown}


   Skills:
 * Level 1.8 Fighting
 + Level 2.0 Slings
 * Level 2.8 Dodging
 + Level 1.3 Stealth
 * Level 3.6 Unarmed Combat
 * Level 1.9 Spellcasting
 * Level 1.8 Conjurations
 * Level 2.6 Air Magic


You had 8 spell levels left.
You knew the following spells:

 Your Spells              Type           Power      Damage    Failure   Level
a - Shock                 Conj/Air       28%        1d4       11%         1

Your spell library contained the following spells:

 Spells                   Type           Power      Damage    Failure   Level
 Static Discharge         Conj/Air       7%         N/A       16%         2
 Apportation              Tloc           2%         N/A       26%         1
 Swiftness                Air            8%         N/A       26%         3
 Sublimation of Blood     Necr           1%         N/A       36%         2
 Wereblood                Tmut           1%         N/A       36%         2
 Gell's Gravitas          Tloc           1%         N/A       61%         3
 Lesser Beckoning         Tloc           1%         N/A       61%         3
 Teleport Other           Tloc           1%         N/A       61%         3
 Airstrike                Air            4%         N/A       65%         4
 Summon Forest            Summ/Tloc      0%         N/A       100%        5
 Eringya's Noxious Bog    Tmut/Pois      0%         N/A       100%        6
 Summon Hydra             Summ           0%         N/A       100%        7


Dungeon Overview and Level Annotations

Branches:
Dungeon (5/15)
 Temple: D:4-7

Altars:
Gozag
Qazlal
Trog

Annotations:
D:2 1 runed translucent door, Crazy Yiuf


Innate Abilities, Weirdness & Mutations

You are too large for most types of armour.
You have claws for hands.
Your natural rate of healing is unusually fast.
You are covered in fur. (AC +1)
You have tough skin. (AC +1)


Message History

You shoot a sling bullet. The sling bullet hits the jelly.
The sling bullet burns the jelly.
The jelly is severely wounded.
The jelly hits you. The acid corrodes you!
You are splashed with acid!
A jelly is nearby!
You are too injured to fight recklessly!
A jelly is nearby!
You are too injured to fight recklessly!
A jelly is nearby!
You are too injured to fight recklessly!
Unknown command.
The +5 hunting sling of Ziacaiwk {flame, +Blink rElec Int+3} stops flaming.
You are now empty-clawed.
You are too injured to fight recklessly!
Unknown command.
You are too injured to fight recklessly!
You are too injured to fight recklessly!
Unknown command.
You completely miss the jelly.
The jelly is severely wounded.
The jelly hits you.
You are splashed with acid!
* * * LOW HITPOINT WARNING * * *
You scratch the jelly but do no damage.
Your claws burn!
* * * LOW HITPOINT WARNING * * *
The jelly is severely wounded.
The jelly hits you.
* * * LOW HITPOINT WARNING * * *
You are splashed with acid!
* * * LOW HITPOINT WARNING * * *
Unknown command.
Unknown command.
Okay, then.
It was a potion of flight.
You feel very buoyant.
You fly up into the air.
The jelly closely misses you.
Unknown command.
Unknown command.
Unknown command.
You scratch the jelly but do no damage.
Your claws burn!
You die...

#.#........##..#
#.##........†..#
#.####...####.##
#.# ##)## #.#
#.#####.#####[#
#..........##.#
#.####.#.#.##.####
#.....###.........
#.####.#.#@##.#..
#.# ##.##J# #.#
#........ #.#
####.#... #.#
#.##. #.# #.# ?#
#. #.# # ..#


You could see a jelly.

Vanquished Creatures
  2 ice beasts (D:5)
  2 phantoms
  2 scorpions (D:5)
  A necrophage (D:3)
  An iguana (D:5)
  6 adders
  4 dart slugs
  An orc (D:4)
  4 endoplasms
  2 giant cockroaches (D:1)
  4 goblins
  6 hobgoblins
  2 quokkas (D:2)
  11 ball pythons
  8 bats
  2 frilled lizards
  2 kobolds
  4 rats
64 creatures vanquished.

Notes
Turn   | Place    | Note
-------+----------+-------------------------------------------
     0 | D:1      | Morbidden the Troll Air Elementalist began the quest for
                  | the Orb.
     0 | D:1      | Reached XP level 1. HP: 16/16 MP: 1/1
   304 | D:1      | Reached XP level 2. HP: 24/24 MP: 2/2
   479 | D:1      | Found a faded altar of an unknown god.
   483 | D:1      | Got Plato's Guide on Orientation
   501 | D:1      | Reached skill level 1 in Unarmed Combat
   663 | D:2      | Identified the +5 hunting sling of Ziacaiwk {flame, +Blink
                  | rElec Int+3}
   712 | D:2      | Reached XP level 3. HP: 26/32 MP: 3/3
   801 | D:2      | Reached skill level 1 in Conjurations
   867 | D:2      | Noticed a phantom
   883 | D:2      | Killed a phantom
   884 | D:2      | Reached skill level 2 in Unarmed Combat
   884 | D:2      | Reached XP level 4. HP: 20/40 MP: 5/5
  1264 | D:2      | Found a runed translucent door.
  1265 | D:2      | Noticed Crazy Yiuf
  1318 | D:3      | Reached skill level 1 in Fighting
  1559 | D:3      | Reached XP level 5. HP: 48/48 MP: 6/6
  1689 | D:3      | Found a bloodstained altar of Trog.
  1971 | D:4      | Noticed a phantom
  1981 | D:4      | Killed a phantom
  1982 | D:4      | Reached skill level 3 in Unarmed Combat
  1982 | D:4      | Reached XP level 6. HP: 33/55 MP: 7/7
  2707 | D:5      | Entered Level 5 of the Dungeon
  2707 | D:5      | Noticed an ice beast
  2715 | D:5      | Killed an ice beast
  2743 | D:5      | Reached skill level 1 in Slings
  2770 | D:5      | Noticed an ice beast
  2775 | D:5      | Killed an ice beast
  2776 | D:5      | Reached XP level 7. HP: 63/63 MP: 8/8
  2789 | D:5      | Found a stormy altar of Qazlal.
  2817 | D:5      | Found an opulent altar of Gozag.
  3015 | D:5      | HP: 2/63 [acid (7)]
  3017 | D:5      | Splashed by a jelly's acid

Illustrated notes

Levels and vault maps discovered:
D:1:      wander_arrival_abandoned_jail, layout_loops_ring,
          shapermc_ecumenical_altar_rom_forum
D:2:      layout_loops_ring, uniq_crazy_yiuf_cottage
D:3:      layout_loops_ring, mainiacjoe_overflow_six_doors_small
D:4:      layout_gridville
D:5:      layout_loops_ring, grunt_gozag_statues,
          nicolae_qazlal_general_emergency

Skill      XL: |  1  2  3  4  5  6  7 |
---------------+----------------------+-----
Unarmed Combat | 1 2 3 |  3.6
Dodging        | 2 |  2.8
Conjurations   | 1 |  1.8
Fighting       | 1 |  1.8
Slings         | 1 2 |  2.0
Stealth        | |  1.3
Spellcasting   | |  1.9
Air Magic      | |  2.6

Action                   |  1- 3 |  4- 6 |  7- 9 || total
-------------------------+-------+-------+-------++-------
Melee: Unarmed           |   102 |    44 |     4 ||   150
       Punch             |     1 |       |       ||     1
 Fire: Hunting sling     |       |    57 |    14 ||    71
  Use: Potion            |       |       |     1 ||     1
 Stab: Sleeping          |     6 |     1 |       ||     7
Armor: Robe              |    38 |    16 |     2 ||    56
Dodge: Dodged            |    52 |    24 |     2 ||    78

Table legend: (Time is in decaauts)
 A = Elapsed time spent in this place.
 B = Non-inter-level travel time spent in this place.
 C = Inter-level travel time spent in this place.
 D = Time resting spent in this place.
 E = Time spent auto-exploring this place.
 F = Levels seen in this place.
 G = Mean time per level.
                   A        B        C        D        E       F      G
               +--------+--------+--------+--------+--------+-----+--------+
         Total |   3036 |   2920 |    116 |      0 |   2418 |   5 |  607.2 |
       Dungeon |   3036 |   2920 |    116 |      0 |   2418 |   5 |  607.2 |
               +--------+--------+--------+--------+--------+-----+--------+

Top non-repeatable levels by time:
     D:4: 761 daAuts
     D:2: 688 daAuts
     D:3: 644 daAuts
     D:1: 625 daAuts
     D:5: 316 daAuts
